 Dungeon Crawl Stone Soup version 0.17-a0-1945-gfe993df (webtiles) character file.

9 dpvblackbelt the Chucker (level 2, -1/32 HPs)
             Began as an Ogre Hunter on Sept 30, 2015.
             Slain by a giant gecko (2 damage)
             ... on level 1 of the Dungeon.
             The game lasted 00:01:04 (152 turns).

dpvblackbelt the Chucker (Ogre Hunter)               Turns: 152, Time: 00:01:04

Health: -1/32      AC:  3    Str: 16    XL:     2   Next: 16%
Magic:  2/2        EV: 10    Int: 10    God:
Gold:   13         SH:  0    Dex: 10    Spells: 0 memorised, 1 level left

rFire  . . .     SeeInvis .     j - +0 club
rCold  . . .     Clarity  .     d - +0 robe
rNeg   . . .     SustAt   .     (no shield)
rPois  .         Gourm    .     (helmet restricted)
rElec  .         Spirit   .     (no cloak)
rCorr  .         Warding  .     (gloves unavailable)
rMut   .         Rnd*Tele +     (boots unavailable)
MR     .....                    (no amulet)
Stlth  +.........               (no ring)
                                g - ring of teleportation (curse) {+/*tele, !d}

@: not resistant to hostile enchantments, very unstealthy
A: unfitting armour, tough skin 1
a: Evoke Teleportation


You were on level 1 of the Dungeon.
You were not hungry.

You visited 1 branch of the dungeon, and saw 1 of its levels.

You collected 13 gold pieces.

Inventory:

Hand weapons
 c - a +0 short sword
 j - a +0 club (weapon)
   (You took it off a hobgoblin on level 1 of the Dungeon)
Missiles
 b - 2 throwing nets {=f, !d}
 f - 37 stones (quivered)
Armour
 d - a +0 robe (worn)
Jewellery
 g - a cursed ring of teleportation (left hand) {+/*tele, !d}
   (You found it on level 1 of the Dungeon)
Scrolls
 h - a scroll of magic mapping {unknown}
 i - 2 scrolls of identify {unknown}
Comestibles
 e - a bread ration {@e1@e1}


   Skills:
 + Level 3.7 Fighting
 - Level 4.3 Throwing
 - Level 1.7 Dodging
 - Level 0.7 Stealth


You had one spell level left.
You didn't know any spells.

Dungeon Overview and Level Annotations

Branches:
Dungeon (1/15)

Altars:


Innate Abilities, Weirdness & Mutations

You are too large for most types of armour.
You have tough skin (AC +1).


Message History

You see here a club.
Health restored: 31
j - a club Wield which item (- for none, * to show all)? (? for menu, Esc to quit)
j - a +0 club (weapon)
No target in view!
A giant gecko comes into view.
Aim: a giant gecko (clinging, hasn't noticed you)
You throw a large rock {!d}.
The large rock {!d} closely misses the giant gecko.
The goblin appears out of thin air!
A goblin comes into view.
Aim: a giant gecko You throw a large rock {!d}.
The goblin shouts!
The large rock {!d} hits the goblin!!
You kill the goblin!
You hear a bark! x3
A giant gecko is nearby!
Aim: a giant gecko You throw a large rock {!d}.
The large rock {!d} hits the giant gecko.
The giant gecko hisses menacingly.
A jackal comes into view.
There are monsters nearby!
Aim: a giant gecko (moderately wounded)
You throw a stone.
The stone closely misses the giant gecko.
There are monsters nearby!
You hit the giant gecko but do no damage.
The giant gecko bites you but does no damage.
The giant gecko barely misses you.
The jackal bites you but does no damage.
A jackal comes into view.
There are monsters nearby!
You hit the jackal. The jackal barely misses you. The giant gecko bites you.
The jackal bites you.
You take 4 damage, and have 27/32 hp.
There are monsters nearby!
You hit the jackal. The giant gecko closely misses you.
The jackal closely misses you. The jackal bites you.
The giant gecko barely misses you. The jackal closely misses you.
A jackal comes into view.
You take 2 damage, and have 25/32 hp.
There are monsters nearby!
The jackal barks!
You hit the jackal.
You kill the jackal!
The jackal misses you.
The giant gecko bites you but does no damage.
The jackal bites you.
You take 3 damage, and have 22/32 hp.
You hit the jackal but do no damage. The giant gecko bites you.
The jackal closely misses you. The jackal barely misses you.
The giant gecko barely misses you. The jackal barely misses you.
A jackal comes into view.
You take 1 damage, and have 21/32 hp.
There are monsters nearby!
The jackal barks!
You hit the jackal but do no damage. The jackal barely misses you.
The giant gecko bites you. The jackal barely misses you.
The jackal bites you but does no damage.
The giant gecko closely misses you.
You take 1 damage, and have 20/32 hp.
There are monsters nearby!
You hit the jackal but do no damage. The jackal barely misses you.
The jackal barely misses you.
The giant gecko hisses menacingly.
The giant gecko bites you. The jackal closely misses you. The jackal bites you.
A kobold comes into view.
You take 3 damage, and have 17/32 hp.
The jackal closely misses you. The jackal bites you.
You take 2 damage, and have 15/32 hp.
The jackal bites you.
You take 1 damage, and have 14/32 hp.
The giant gecko bites you but does no damage.
You are too injured to fight recklessly!
You are too injured to fight recklessly!
You are too injured to fight recklessly!
You are too injured to fight recklessly!
You closely miss the giant gecko. The giant gecko closely misses you.
You closely miss the giant gecko. The giant gecko bites you.
The giant gecko closely misses you.
You take 4 damage, and have 10/32 hp.
You hit the giant gecko but do no damage.
The giant gecko barely misses you.
You barely miss the giant gecko. The giant gecko barely misses you.
The giant gecko completely misses you.
You miss the giant gecko. The giant gecko closely misses you.
You hit the giant gecko. The giant gecko bites you.
* * * LOW HITPOINT WARNING * * *
The giant gecko bites you.
* * * LOW HITPOINT WARNING * * *
You take 9 damage, and have 2/32 hp.
MASSIVE DAMAGE!!
You hit the giant gecko but do no damage.
The giant gecko bites you.
* * * LOW HITPOINT WARNING * * *
The giant gecko bites you.
You die...

####### ##.....##
#..###..########
#.## ##........#
##.# ########.##
#..# #... . #@##
###. ... ####l#####
#. #.##..hhh...# #.
#...........# #.
###.#...........# #.
. #.....#(..(.....#
##
#.#.....#....(....#
#
.#.#.....#.>.......#
#######
............##(...##
##.....#


You could see a giant gecko and 3 jackals.

Vanquished Creatures
  2 bats (D:1)
  2 goblins (D:1)
  A hobgoblin (D:1)
  A jackal (D:1)
  A ball python (D:1)
  A kobold (D:1)
  A rat (D:1)
9 creatures vanquished.

Notes
Turn   | Place    | Note
--------------------------------------------------------------
     0 | D:1      | dpvblackbelt the Ogre Hunter began the quest for the Orb.
     0 | D:1      | Reached XP level 1. HP: 22/22 MP: 1/1
    62 | D:1      | Reached skill level 3 in Fighting
   109 | D:1      | Reached XP level 2. HP: 29/31 MP: 2/2
   151 | D:1      | HP: 6/32 [giant gecko (5)]
   151 | D:1      | HP: 2/32 [giant gecko (4)]
   152 | D:1      | Slain by a giant gecko

Vault maps used:
D:1:      lightli_arrival_statuegarden, nemelex_xobeh_ov_fountains_minmay

Action                   || total
-------------------------++-------
Melee: Short sword       ||     8
       Club              ||    14
Throw: Large rock        ||    12
       Stone             ||     1

Vault maps used:
D:1:      lightli_arrival_statuegarden, nemelex_xobeh_ov_fountains_minmay

Table legend:
 A = Turns spent in this place as a percentage of turns spent in the entire game.
 B = Non-inter-level travel turns spent in this place as a percentage of non-inter-level travel turns spent in the entire game.
 C = Inter-level travel turns spent in this place as a percentage of turns spent in this place.
 D = Turns resting spent in this place as a percentage of non-inter-level travel turns spent in this place.
 E = Turns spent auto-exploring this place as a percentage of non-inter-level travel turns spent in this place.
 F = Non-inter-level travel turns spent in this place divided by the number of levels of this place that you've seen.
                   A       B       C       D       E      F
               +-------+-------+-------+-------+-------+----------------------
         Total | 100.0 | 100.0 |   1.1 |   0.0 |  12.4 |  89.0
       Dungeon | 100.0 | 100.0 |   1.1 |   0.0 |  12.4 |  89.0
               +-------+-------+-------+-------+-------+----------------------

Table legend:
 A = Kills in this place as a percentage of kills in entire the game.
 B = Kills by you in this place as a percentage of kills by you in the entire game.
 C = Kills by friends in this place as a percentage of kills by friends in the entire game.
 D = Other kills in this place as a percentage of other kills in the entire game.
 E = Experience gained in this place as a percentage of experience gained in the entire game.
 F = Experience gained in this place divided by the number of levels of this place that you have seen.
                   A       B       C       D       E      F
               +-------+-------+-------+-------+-------+----------------------
         Total | 100.0 | 100.0 |  -nan |  -nan | 100.0 |  14.0
       Dungeon | 100.0 | 100.0 |  -nan |  -nan | 100.0 |  14.0
               +-------+-------+-------+-------+-------+----------------------
